cohdb
Replays
Latest Replays
All Replays
Popular Replays
Top Player Replays
Match Explorer
How It Works
Community
CoH3 Stats
Reddit
Sign in to upload your games and track your stats! →
Sign in with Steam
Match 42365858
Unlisted
Match 42365858
Overview
Messages
Build Orders
End
Kradschützen Motorcycle Team
Kradschützen Motorcycle Team
Kradschützen Motorcycle Team
Kradschützen Motorcycle Team
Construct Light Support Kompanie
MG34 Team
MG34 Team
Construct Mechanized Kompanie
254 Reconnaissance Tractor
Construct Panzerarmee Kommand
Assault Mechanized Group
HulkSMASH
⚓️Ruby⚓
XDodongoXLoverX
idontknowhoiam
0
0
Comments
sign in to comment!
No comments posted yet!